cohdb
Replays
Latest Replays
All Replays
Popular Replays
Top Player Replays
Match Explorer
How It Works
Community
CoH3 Stats
Reddit
Sign in to upload your games and track your stats! →
Sign in with Steam
Match 44911156
Unlisted
Match 44911156
Overview
Messages
Build Orders
End
Construct Weapon Support Center
Selects Heavy Weapons
Selects Heavy Weapons
M1919 Machine Gun Team
M1919 Machine Gun Team
Bazooka Squad
Engineer Squad
Air Support Center
Selects Assault Carriers
M3 Assault Carrier
AI Takeover
kensonszeto
FiniteStateMachine
deepthought
SMTWTR
asinuss
不玩就不菜
lplp4943718
ayyyyyy
0
0
Comments
sign in to comment!
No comments posted yet!